 Dungeon Crawl Stone Soup version 0.31-a0-210-gccc998df9b (webtiles) character file.

Game seed: 16100435236345922173

676 qw the Shooter (level 7, -3/44 HPs)
             Began as a Gargoyle Hexslinger on June 29, 2023.
             Slain by a gnoll sergeant
             ... wielding a +0 spear
              (7 damage)
             ... on level 5 of the Dungeon.
             The game lasted 00:01:35 (3509 turns).

qw the Shooter (Gargoyle Hexslinger)                Turns: 3509, Time: 00:01:36

Health: -3/44      AC: 16    Str: 12    XL:     7   Next: 59%
Magic:  8/8        EV: 15    Int: 13    God:
Gold:   188        SH:  0    Dex: 14    Spells: 7/8 levels left

rFire   . . .        Y - +1 sling
rCold   . . .        (no shield)
rNeg    + . .        g - +0 ring mail
rPois   inf          h - +2 hat
rElec   +            (no cloak)
rCorr   .            (no gloves)
SInv    .            (no boots)
Will    .....        (no amulet)
Stlth   +            e - +5 ring of evasion
HPRegen 0.27/turn    f - +4 ring of protection
MPRegen 0.11/turn

%: no passive effects
@: no status effects
A: sickness immunity, AC +4, negative energy resistance 1, electricity
resistance, torment resistance 1, petrification resistance
a: no special abilities


You were on level 5 of the Dungeon.
You visited 1 branch of the dungeon, and saw 5 of its levels.

You collected 230 gold pieces.
You spent 42 gold pieces at shops.


Innate Abilities, Weirdness & Mutations

You are immune to sickness and miasma.
Your stone body is resilient. (AC +4)
You are immune to poison.
You resist negative energy. (rN+)
You are resistant to electric shocks. (rElec)
You are resistant to unholy torment.
You are immune to petrification.


   Skills:
 - Level 4.5 Fighting
 + Level 7.0 Ranged Weapons
 - Level 1.1 Armour
 - Level 1.5 Dodging
 - Level 1.0 Spellcasting
 - Level 2.6 Hexes


You had 7 spell levels left.
You knew the following spells:

 Your Spells              Type           Power      Damage    Failure   Level
a - Slow                  Hex            28%        N/A       22%         1

Your spell library contained the following spells:

 Spells                   Type           Power      Damage    Failure   Level
 Inner Flame              Hex/Fire       4%         N/A       73%         3
 Portal Projectile        Hex/Tloc       8%         N/A       73%         3
 Cause Fear               Hex            3%         N/A       91%         4

Inventory:

Hand Weapons
 Y - a +1 sling (weapon)
Armour
 g - a +0 ring mail (worn)
 h - a +2 hat (worn)
Jewellery
 e - a +5 ring of evasion (left hand)
 f - a +4 ring of protection (right hand)
Scrolls
 d - a scroll of identify
Potions
 b - 2 potions of curing

Dungeon Overview and Level Annotations

Branches:
Dungeon (5/15)
 Temple: D:4-7

Altars:
Ashenzari
Ru

Shops:
D:2 !(


Message History

You shoot a sling bullet.
The sling bullet closely misses the gnoll sergeant.
The gnoll misses you.
The gnoll sergeant hits you from afar with a +0 spear.
You shoot a sling bullet.
The sling bullet hits the gnoll sergeant.
The gnoll sergeant is heavily wounded.
The gnoll hits you from afar with a +0 spear.
The gnoll sergeant hits you but does no damage.
You shoot a sling bullet.
The sling bullet barely misses the gnoll sergeant.
The gnoll closely misses you. The gnoll sergeant closely misses you.
You shoot a sling bullet.
The sling bullet closely misses the gnoll sergeant.
The gnoll barely misses you.
The gnoll sergeant hits you but does no damage.
A scorpion comes into view.
You shoot a sling bullet.
The sling bullet hits the gnoll sergeant but does no damage.
The gnoll sergeant is heavily wounded.
The gnoll closely misses you. The gnoll sergeant misses you.
The gnoll sergeant hits you but does no damage.
The gnoll closely misses you.
You shoot a sling bullet.
The sling bullet barely misses the gnoll sergeant.
The gnoll barely misses you. The gnoll sergeant closely misses you.
You shoot a sling bullet.
The sling bullet hits the gnoll sergeant.
The gnoll sergeant is severely wounded.
The gnoll hits you but does no damage. The gnoll sergeant closely misses you.
You shoot a sling bullet.
The sling bullet hits the gnoll sergeant but does no damage.
The gnoll sergeant is severely wounded.
The gnoll hits you from afar with a +0 spear.
The gnoll sergeant hits you from afar with a +0 spear!
You shoot a sling bullet.
The sling bullet closely misses the gnoll sergeant.
The gnoll misses you.
The gnoll sergeant hits you from afar with a +0 spear!
You die...

#g #.#
#.######.# #.
#.# #...<....#
#g #.#
########## #.
#.## #
#.#.#.####
###.##f.###...#
.....sg##
##..####
#..gg.###......#
######@#.##.##.#
##.## .# # ###
.# .# .# ..


You could see a sleepcap, a gnoll sergeant, a scorpion and 2 gnolls.

Vanquished Creatures
  A black bear (D:2)
  A sky beast (D:4)
  An ice beast (D:5)
  A scorpion (D:4)
  A howler monkey (D:2)
  A hound (D:5)
  An orc priest (D:3)
  Jessica (D:3)
  2 iguanas (D:4)
  4 adders
  2 river rats (D:4)
  A white imp (D:3)
  An ufetubus (D:4)
  A worm (D:2)
  4 dart slugs
  8 orcs
  5 bats
  5 endoplasms
  6 giant cockroaches
  8 hobgoblins
  3 jackals
  7 kobolds
  6 quokkas
  2 frilled lizards (D:2)
  8 goblins
  6 rats
87 creatures vanquished.

Notes
Turn   | Place    | Note
-------+----------+-------------------------------------------
     0 | D:1      | qw the Gargoyle Hexslinger began the quest for the Orb.
     0 | D:1      | Reached XP level 1. HP: 12/12 MP: 2/2
     0 | D:1      | 0 ||| qw: Version: 0.3-a-24-g62f9e04
     0 | D:1      | 0 ||| qw: Game counter: 6702
     0 | D:1      | 0 ||| qw: Melee chars always use a shield: true
     0 | D:1      | 0 ||| qw: God list: Okawaru
     0 | D:1      | 0 ||| qw: Allow faded altars: false
     0 | D:1      | 0 ||| qw: Do Orc after clearing Dungeon:15 true
     0 | D:1      | 0 ||| qw: Do second Lair branch before Depths: true
     0 | D:1      | 0 ||| qw: Lair rune preference: random
     0 | D:1      | 0 ||| qw: Goals: Normal
     0 | D:1      | 0 ||| PLANNING D:1-11
    82 | D:1      | Reached XP level 2. HP: 16/16 MP: 3/3
   161 | D:1      | Reached skill level 3 in Ranged Weapons
   505 | D:1      | Found a faded altar of an unknown god.
   658 | D:1      | 658 ||| UPGRADING to +5 ring of evasion.
   659 | D:1      | 659 ||| UPGRADING to +4 ring of protection.
   660 | D:1      | 660 ||| READING scroll labelled RIRGHAOCWAX.
   661 | D:1      | 661 ||| READING scroll labelled OTUCSE WYOG.
   662 | D:1      | 662 ||| DROPPING scroll of poison.
   793 | D:2      | Reached XP level 3. HP: 21/21 MP: 4/4
   837 | D:2      | Reached skill level 3 in Fighting
   837 | D:2      | Reached XP level 4. HP: 28/28 MP: 5/5
   997 | D:2      | Found Educad's Distillery.
  1003 | D:2      | 1003 ||| SHOPLISTING 2 potions of heal wounds (140 gold,
                  | have 73).
  1003 | D:2      | 1003 ||| BUYING potion of curing (42 gold).
  1003 | D:2      | Bought a potion of curing for 42 gold pieces
  1003 | D:2      | 1003 ||| SHOPLISTING potion of curing (42 gold, have 31).
  1003 | D:2      | 1003 ||| SHOPLISTING potion of heal wounds (70 gold, have
                  | 31).
  1003 | D:2      | 1003 ||| SHOPLISTING potion of might (56 gold, have 31).
  1145 | D:2      | Found Caumouff's Antique Weapon Emporium.
  1330 | D:2      | Noticed a black bear
  1350 | D:2      | HP: 7/28 [black bear (4)]
  1353 | D:2      | Killed a black bear
  1354 | D:2      | Reached skill level 4 in Ranged Weapons
  1354 | D:2      | Reached XP level 5. HP: 7/32 MP: 6/6
  1572 | D:2      | 1572 ||| DROPPING ring of resist corrosion.
  1626 | D:3      | Found a broken altar of Ashenzari.
  1636 | D:3      | Reached skill level 5 in Ranged Weapons
  1748 | D:3      | Reached XP level 6. HP: 34/37 MP: 7/7
  2233 | D:3      | Noticed Jessica
  2240 | D:3      | Killed Jessica
  2315 | D:3      | 2315 ||| UPGRADING to +0 ring mail.
  2325 | D:3      | 2325 ||| DROPPING +0 robe.
  2326 | D:3      | 2326 ||| READING scroll labelled FOPIXK TILEAR.
  2327 | D:3      | 2327 ||| READING scroll labelled SYBRIBR KERPH.
  2328 | D:3      | 2328 ||| READING scroll labelled ROPNOE FYMOBLU.
  2329 | D:3      | 2329 ||| READING scroll labelled ISAOZXEHIUT.
  2342 | D:4      | 2342 ||| PLANNING SEWER
  2357 | D:4      | HP: 9/37 [iguana (11)]
  2361 | D:4      | HP: 2/37 [iguana (5)]
  2365 | D:4      | Reached skill level 1 in Armour
  2408 | D:4      | 2408 ||| FLEEEEING.
  2414 | D:4      | 2414 ||| STAIRDANCE
  2612 | D:4      | Found a sacrificial altar of Ru.
  2668 | D:4      | Reached skill level 6 in Ranged Weapons
  2870 | D:4      | Noticed a sky beast
  2887 | D:4      | Killed a sky beast
  2888 | D:4      | Reached XP level 7. HP: 35/44 MP: 8/8
  2987 | D:4      | 2987 ||| RIP SEWER
  3018 | D:4      | 3018 ||| PLANNING D:1-11
  3215 | D:4      | 3215 ||| Stepping ~*~*~tactically~*~*~ (water).
  3247 | D:4      | 3247 ||| Stepping ~*~*~tactically~*~*~ (water).
  3301 | D:4      | 3301 ||| Stepping ~*~*~tactically~*~*~ (water).
  3306 | D:4      | 3306 ||| Stepping ~*~*~tactically~*~*~ (water).
  3316 | D:4      | 3316 ||| UPGRADING to +2 hat.
  3321 | D:4      | 3321 ||| READING scroll labelled TARCHI MUBU.
  3322 | D:4      | 3322 ||| READING 2 scrolls of identify.
  3322 | D:4      | 3322 ||| IDENTIFYING black potion
  3323 | D:4      | 3323 ||| DROPPING potion of magic.
  3391 | D:5      | Entered Level 5 of the Dungeon
  3448 | D:5      | Reached skill level 7 in Ranged Weapons
  3480 | D:5      | 3480 ||| Stepping ~*~*~tactically~*~*~ (outnumbered).
  3482 | D:5      | 3482 ||| Stepping ~*~*~tactically~*~*~ (outnumbered).
  3508 | D:5      | HP: 11/44 [gnoll/+0 spear[a gnoll sergeant] (3)]
  3508 | D:5      | HP: 3/44 [gnoll sergeant/+0 spear (8)]
  3509 | D:5      | Slain by a gnoll sergeant

Levels and vault maps discovered:
D:1:      ncdulo_smallfort, layout_loops_ring, nicolae_ecumenical_lake_church,
          corexii_item_surrounded_by_moat, minmay_misc_feat_pillars,
          chequers_garden
D:2:      layout_basic, serial_shops, nicolae_shop_industrial_runoff,
          nicolae_shop_rolling_square, minmay_between
D:3:      layout_basic, ashenzari_altar_1, uniq_jessica
D:4:      layout_basic, nicolae_overflow_crystal_walls, gup_sewer_entry_spiral
D:5:      lemuel_ratsnest, layout_loops_ring, uniq_prince_ribbit1

Skill      XL: |  1  2  3  4  5  6  7 |
---------------+----------------------+-----
Ranged Weapons | 3 4 5 6 7 |  7.0
Fighting       | 3 4 |  4.5
Armour         | 1 |  1.1
Dodging        | |  1.5
Spellcasting   | |  1.0
Hexes          | |  2.6

Action                     |  1- 3 |  4- 6 |  7- 9 || total
---------------------------+-------+-------+-------++-------
   Fire: Sling             |    34 |   269 |   119 ||   422
    Use: Scroll            |     2 |     4 |     2 ||     8
 Armour: Robe              |       |    40 |       ||    40
         Ring mail         |       |    21 |    34 ||    55
  Dodge: Dodged            |     4 |   123 |    82 ||   209

Table legend:
 A = Non-vault XP
 B = Vault XP
 C = Vault XP percentage of total XP
 D = Non-vault monster count
 E = Vault monster count
 F = Vault count percentage of total count
                 A         B        C        D         E       F
            +---------+---------+-------+---------+---------+-------
      Total |     873 |      93 |   9.6 |      74 |      13 |  14.9
            +---------+---------+-------+---------+---------+-------
        D:1 |      32 |       0 |   0.0 |      16 |       0 |   0.0
        D:2 |     239 |      11 |   4.4 |      16 |       5 |  23.8
        D:3 |      89 |      37 |  29.4 |      15 |       1 |   6.2
        D:4 |     338 |      45 |  11.7 |      24 |       7 |  22.6
        D:5 |     175 |       0 |   0.0 |       3 |       0 |   0.0
            +---------+---------+-------+---------+---------+-------
